 Dungeon Crawl Stone Soup version 0.26-b1-32-g5d43845318 (webtiles) character file.

Game seed: 10641301034452222588

293 Borgoz the Skirmisher (level 6, -1/52 HPs)
             Began as a Ghoul Gladiator on Jan 13, 2021.
             Slain by a hound (6 damage)
             ... on level 4 of the Dungeon.
             The game lasted 00:03:18 (4418 turns).

Borgoz the Skirmisher (Ghoul Gladiator)             Turns: 4418, Time: 00:03:19

Health: -1/52      AC:  5    Str: 19    XL:     6   Next: 33%
Magic:  5/5        EV: 13    Int:  3    God:
Gold:   238        SH:  0    Dex: 11    Spells: 5/5 levels left

rFire    . . .     SeeInvis .   a - +0 flail
rCold    + . .     Faith    .   (no shield)
rNeg     + + +     Spirit   .   b - +0 leather armour
rPois    ∞         Reflect  .   c - +0 helmet
rElec    .         Harm     .   t - +0 cloak
rCorr    .         Rampage  .   (no gloves)
Will     .....                  (no boots)
Stlth    +.........             (no amulet)
HPRegen  0.00/turn              (no ring)
MPRegen  0.09/turn              (no ring)

@: no status effects
A: claws 1, cold resistance 1, negative energy resistance 3, inhibited
regeneration, torment resistance, unbreathing
a: no special abilities


You were on level 4 of the Dungeon.
You visited 1 branch of the dungeon, and saw 4 of its levels.

You collected 238 gold pieces.

Inventory:

Hand Weapons
 a - a +0 flail (weapon)
Missiles
 d - 3 throwing nets (quivered)
Armour
 b - a +0 leather armour (worn)
 c - a +0 helmet (worn)
 t - a +0 cloak (worn)
Scrolls
 g - 2 scrolls of noise {unknown}
 i - a scroll of magic mapping {unknown}
 j - a scroll of immolation {unknown}
 m - a scroll of remove curse {unknown}
 n - a scroll of blinking {unknown}
 q - a scroll of teleportation
Potions
 e - 3 potions of attraction
 f - 2 potions of cancellation {unknown}
 h - 4 potions of curing
 k - a potion of lignification
 l - a potion of haste {unknown}
 p - a potion of ambrosia {unknown}
 r - a potion of heal wounds
 s - a potion of brilliance {unknown}


   Skills:
 * Level 3.9 Fighting
 * Level 3.8 Maces & Flails
 - Level 1.7 Throwing
 * Level 2.5 Armour
 * Level 3.9 Dodging


You had 5 spell levels left.
You didn't know any spells.
Your spell library was empty.

Dungeon Overview and Level Annotations

Branches:
Dungeon (4/15)
 Temple: D:4-7

Altars:
Cheibriados
Dithmenos
Makhleb
Nemelex Xobeh
Wu Jian


Innate Abilities, Weirdness & Mutations

You thrive by killing the living.
You are immune to poison.
You have sharp fingernails.
Your flesh is cold resistant. (rC+)
You are immune to negative energy. (rN+++)
You do not regenerate when monsters are visible.
You are immune to unholy pain and torment.
You can survive without breathing.


Message History

The hound is heavily wounded.
The hound closely misses you.
The hound pauses to sniff the ground.
The jackal bites you. The jackal completely misses you.
The hound completely misses you. The jackal closely misses you.
The jackal misses you. The hound bites you but does no damage.
The hound bites you.
* * * LOW HITPOINT WARNING * * *
The hound closely misses you. The jackal misses you. The hound bites you.
* * * LOW HITPOINT WARNING * * *
You miss the hound.
The hound is heavily wounded.
The hound bites you.
* * * LOW HITPOINT WARNING * * *
The hound misses you.
You closely miss the hound.
The hound is heavily wounded.
The hound bites you.
You die...

#. #... #. #.. #.. #.# #
#.. ##### ##.## #
#...#...###...## ####### ##
##...#...##)....# #.....# .
.....†.....#...######.....#
####
.......[......###.........#
#...
...........#.hhh@.###.....#
#.##
##...#...####.#######.....#
#.#. #...#...#
#.#..(....##### #.#. #..
##### #.#.#####†# #.#. #.?
#.# #####.# #... #. #..
..##.###### ###. #. ###
#.#.......# #.
#.##.#.#####.# #.
.#########.>....# #.#####.


You could see a hound and 2 jackals.

Vanquished Creatures
  A phantom (D:4)
  The ghost of Hyawatha the Vexing, a weakling TrAM (D:3)
  Crazy Yiuf (D:3)
  A hound (D:4)
  A gnoll (D:2)
  An adder (D:4)
  An ooze (D:2)
  2 worms
  5 leopard geckos
  An orc (D:4)
  4 giant cockroaches
  8 goblins
  5 hobgoblins
  8 jackals
  2 quokkas (D:2)
  2 ball pythons
  3 bats (D:1)
  4 frilled lizards
  7 kobolds
  9 rats
67 creatures vanquished.

Vanquished Creatures (others)
  4 toadstools (D:1)
4 creatures vanquished.

Grand Total: 71 creatures vanquished

Notes
Turn   | Place    | Note
-------+----------+-------------------------------------------
     0 | D:1      | Borgoz the Ghoul Gladiator began the quest for the Orb.
     0 | D:1      | Reached XP level 1. HP: 17/17 MP: 0/0
   214 | D:1      | Reached XP level 2. HP: 19/25 MP: 1/1
  1004 | D:1      | Reached skill level 1 in Armour
  1004 | D:1      | Reached XP level 3. HP: 30/30 MP: 2/2
  1879 | D:2      | Reached XP level 4. HP: 32/37 MP: 3/3
  2211 | D:2      | Found a shadowy altar of Dithmenos.
  2357 | D:3      | Noticed Hyawatha's ghost (weakling TrAM)
  2360 | D:3      | Found a runed translucent door.
  2830 | D:3      | Found a sparkling altar of Nemelex Xobeh.
  2830 | D:3      | Found a burning altar of Makhleb.
  2840 | D:3      | Found an ornate altar of the Wu Jian Council.
  2840 | D:3      | Found a snail-covered altar of Cheibriados.
  3001 | D:3      | Found a runed translucent door.
  3002 | D:3      | Noticed Crazy Yiuf
  3423 | D:3      | Killed Hyawatha's ghost
  3424 | D:3      | Reached XP level 5. HP: 20/45 MP: 4/4
  3635 | D:3      | Killed Crazy Yiuf
  3889 | D:4      | Noticed a phantom
  4176 | D:4      | Killed a phantom
  4177 | D:4      | Reached XP level 6. HP: 21/52 MP: 5/5
  4418 | D:4      | Slain by a hound

Illustrated notes

Levels and vault maps discovered:
D:1:      ldierk_walled_garden_2, layout_basic, feat_on_display
D:2:      minmay_wonky_spiral, layout_basic, nicolae_overflow_hidden_temple,
          cheibrodos_gnoll_hut
D:3:      layout_basic, grunt_temple_overflow_open,
          hellmonk_ghost_happy_afterlife, uniq_crazy_yiuf_cottage
D:4:      layout_loops_cross, bloody_trog, minmay_small_thing

Skill      XL: |  1  2  3  4  5 |
---------------+----------------+-----
Maces & Flails | 3 |  3.8
Dodging        | 3 |  3.9
Armour         | 1 2 |  2.5
Fighting       | 3 |  3.9
Throwing       | |  1.7

Action                   |  1- 3 |  4- 6 || total
-------------------------+-------+-------++-------
Melee: Flail             |   148 |   150 ||   298
  Use: Scroll            |     2 |     2 ||     4
       Potion            |       |     2 ||     2
 Stab: Invisible         |       |     1 ||     1
Armor: Leather armour    |    47 |    56 ||   103
Dodge: Dodged            |   129 |   143 ||   272
